 Dungeon Crawl Stone Soup version 0.28.0-45-g0d030f2227 (webtiles) character file.

Game seed: 1527826900048761589

3030 NinjaNoafa the Grasshopper (level 9, -4/72 HPs)
             Began as a Palentonga Warper on Apr 13, 2022.
             Was a Priest of Cheibriados.
             Slain by Grum
             ... wielding a -2 spear
              (11 damage)
             ... on level 8 of the Dungeon on Apr 14, 2022.
             The game lasted 00:33:36 (7455 turns).

NinjaNoafa the Grasshopper (Palentonga Warper)      Turns: 7455, Time: 00:33:37

Health: -4/72      AC: 19    Str: 22    XL:     9   Next: 56%
Magic:  8/14       EV: 12    Int: 25    God:    Cheibriados [***...]
Gold:   418        SH:  0    Dex: 19    Spells: 6/15 levels left

rFire   + . .      SeeInvis +   j - +5 hand axe "Ammyaxku" {elec, rElec rF+ Stlth+}
rCold   + . .      Faith    .   (no shield)
rNeg    . . .      Spirit   .   E - +3 leather armour {rC+}
rPois   +          Reflect  .   h - +2 helmet
rElec   +          Harm     .   f - +1 cloak {rPois}
rCorr   .          Rampage  .   (no gloves)
Will    .....                   (no barding)
Stlth   ++........              (no amulet)
HPRegen 0.22/turn               i - ring of see invisible
MPRegen 0.14/turn               (no ring)

@: curled up, very slow
A: large, rugged brown scales 3, see invisible, deformed body, roll 1, armoured
tail, reflexive curl
a: Rolling Charge, Renounce Religion, Bend Time, Temporal Distortion


You were on level 8 of the Dungeon.
You worshipped Cheibriados.
Cheibriados was most pleased with you.
You visited 1 branch of the dungeon, and saw 8 of its levels.
You also visited: Ossuary.

You collected 418 gold pieces.

Inventory:

Hand Weapons
 d - a +0 demon whip
 e - a +2 dagger of flaming
 j - the +5 hand axe "Ammyaxku" (weapon) {elec, rElec rF+ Stlth+}
   (You found it on level 3 of the Dungeon)

   It occasionally discharges a powerful burst of electricity upon striking a
   foe.
   rF:        It protects you from fire.
   rElec:     It insulates you from electricity.
   Stlth:     It makes you more stealthy.
 n - a +0 dagger of venom
 t - a +3 war axe
Missiles
 c - 6 poisoned darts
 r - 61 stones
 A - 2 javelins
 B - 5 silver javelins
 D - 2 throwing nets
 I - 3 boomerangs
Armour
 b - a +0 leather armour
 f - a +1 cloak of poison resistance (worn)
 g - a +2 pair of boots
 h - a +2 helmet (worn)
 l - a +0 robe
 E - a +3 leather armour of cold resistance (worn)
 F - a +0 ring mail of cold resistance
Magical Staves
 p - a staff of cold
 G - a staff of death
Jewellery
 i - a ring of see invisible (left hand)
Wands
 C - a wand of flame (7) (quivered)
 H - a wand of polymorph (5)
Scrolls
 k - 6 scrolls of noise
 m - 5 scrolls of identify
 o - 3 scrolls of fog
 s - 2 scrolls of fear {unknown}
 v - a scroll of silence {unknown}
 w - 5 scrolls of immolation
 y - a scroll of vulnerability {unknown}
Potions
 q - 2 potions of lignification
 u - 8 potions of degeneration
 x - 6 potions of flight
 z - 2 potions of brilliance
 J - a potion of ambrosia {unknown}


   Skills:
 - Level 5.0 Fighting
 - Level 5.7(6.0) Axes
 - Level 2.1(4.2) Maces & Flails
 - Level 0.6 Throwing
 - Level 2.1 Armour
 * Level 4.8 Dodging
 + Level 3.5 Spellcasting
 + Level 1.8 Hexes
 + Level 3.7 Summonings
 + Level 5.8 Translocations
 * Level 4.6 Invocations


You had 6 spell levels left.
You knew the following spells:

 Your Spells              Type           Power      Damage    Failure   Level
a - Summon Small Mammal   Summ           92%        N/A       2%          1
b - Blink                 Tloc           66%        N/A       1%          2
c - Gell's Gravitas       Tloc           33%        N/A       3%          3
d - Call Canine Familiar  Summ           23%        N/A       7%          3

Your spell library contained the following spells:

 Spells                   Type           Power      Damage    Failure   Level
 Lesser Beckoning         Tloc           33%        N/A       3%          3
 Teleport Other           Tloc           33%        N/A       3%          3
 Summon Guardian Golem    Hex/Summ       18%        N/A       11%         3
 Manifold Assault         Tloc           33%        N/A       28%         5


Dungeon Overview and Level Annotations

Branches:
Dungeon (8/15)             Temple (0/1) D:4         Ossuary (visited)
   Lair: D:8-11

Altars:
Cheibriados
Dithmenos
Elyvilon
Ru
Sif Muna
Trog
Xom

Shops:
D:3 ?   D:4 *

Annotations:
D:8 Grum


Innate Abilities, Weirdness & Mutations

You are completely covered in rugged brown scales. (AC +3, +7% HP)
You have supernaturally acute eyesight. (SInv)
Armour fits poorly on your strangely shaped body.
You can roll at nearby foes to attack.
You have a long armoured tail.
You curl defensively after being hit. (AC +7*)


Message History

The wolf barely misses your quokka.
Grum growls angrily.
You hit Grum but do no damage. Lightning courses through Grum!
Grum is heavily wounded.
You barely miss the wolf. Grum misses you. The wolf closely misses your quokka.
Your quokka misses Grum. Grum closely misses you. The wolf misses your quokka.
You slash Grum!
Grum is severely wounded.
You hit the wolf. Grum hits you with a -2 spear.
Your quokka bites the wolf.
The wolf closely misses you.
You slash Grum!
Grum is almost dead.
You slash the wolf! The wolf bites you.
* * * LOW HITPOINT WARNING * * *
Grum closely misses you.
Your quokka bites Grum but does no damage.
The wolf bites you but does no damage. Grum hits your quokka with a -2 spear!!
Your quokka dies!
Your quokka's corpse disappears in a puff of smoke!
Grum growls angrily.
Your hound completely misses the wolf.
Grum barely misses you.
Your hound closely misses the wolf.
The wolf misses you. Grum closely misses you.
The wolf bites you but does no damage.
Your hound completely misses the wolf.
The wolf bites you but does no damage.
Casting: Call Canine Familiar (dangerous; 7% risk of failure)
Confirm with . or Enter, or press ? or * to list all spells.
Grum hits you from afar with a -2 spear!
* * * LOW HITPOINT WARNING * * *
The wolf misses you. The wolf closely misses you.
Your hound closely misses the wolf.
Grum hits you but does no damage.
You feel better. The wolf bites you!
* * * LOW HITPOINT WARNING * * *
The wolf barely misses you.
Your hound barely misses the wolf.
Grum hits you but does no damage.
The wolf bites you but does no damage. x2
Your hound closely misses the wolf.
Your bat closely misses the wolf.
Your hound barely misses the wolf.
The wolf closely misses you. The wolf bites you.
* * * LOW HITPOINT WARNING * * *
Grum hits you from afar with a -2 spear!
You die...

...##...##.
.........
........ .
...... ..
....# ...
#...# ....
##.(.##.....
#..<........
#b..@.......
+.hhh.......
##.g###..##.
#ยง.# .#
..... ..
........ ..
...........
.
...##.##...#
.... #.#
...#


You could see Grum (berserk), 2 wolves, a friendly hound (summoned) and a
friendly bat (summoned).

Vanquished Creatures
  Sigmund (D:3)
  2 water moccasins (D:5)
  Duvessa (D:6)
  A sky beast (D:5)
  An ice beast (D:3)
  2 black bears (D:5)
  An orc warrior (D:7)
  2 necrophages
  2 wolves (D:8)
  An ogre (D:6)
  A centaur (D:6)
  A gnoll sergeant (D:7)
  A bullfrog (D:5)
  2 scorpions
  A water moccasin zombie (D:5)
  Dowan (D:6)
  5 wights (D:7)
  3 centaur zombies
  2 jellies (D:4)
  2 hounds
  5 orc priests
  A gnoll shaman (D:6)
  2 bullfrog skeletons
  4 iguanas
  Terence (D:3)
  4 orc wizards
  A scorpion zombie (D:5)
  5 mummies
  Robin (D:2)
  7 gnolls
  7 adders
  An ufetubus (D:6)
  3 adder skeletons
  2 dart slugs (D:1)
  12 orcs
  9 endoplasms
  8 giant cockroaches
  3 gnoll zombies (Ossuary)
  8 hobgoblins
  5 kobolds
  6 quokkas
  5 ball pythons
  3 bats
  4 frilled lizards
  12 goblins
  A goblin zombie (Ossuary)
  A kobold zombie (Ossuary)
  An orc zombie (Ossuary)
  4 rats
159 creatures vanquished.

Vanquished Creatures (collateral kills)
  A phantom (D:5)
1 creature vanquished.

Vanquished Creatures (others)
  2 orcs (D:3)
  3 fungi (D:6)
  10 plants
  3 withered plants (D:7)
18 creatures vanquished.

Grand Total: 178 creatures vanquished

Notes
Turn   | Place    | Note
-------+----------+-------------------------------------------
     0 | D:1      | NinjaNoafa the Palentonga Warper began the quest for the
                  | Orb.
     0 | D:1      | Reached XP level 1. HP: 17/17 MP: 3/3
    98 | D:1      | Reached skill level 1 in Armour
    98 | D:1      | Reached XP level 2. HP: 21/23 MP: 5/5
   250 | D:1      | Reached XP level 3. HP: 18/28 MP: 6/6
  1023 | D:1      | Found a faded altar of an unknown god.
  1238 | D:2      | Noticed Robin
  1261 | D:2      | Killed Robin
  1492 | D:2      | Reached XP level 4. HP: 18/36 MP: 7/7
  1857 | D:3      | Found a snail-covered altar of Cheibriados.
  1866 | D:3      | Became a worshipper of Cheibriados the Contemplative
  1869 | D:3      | Identified a scroll of acquirement
  1869 | D:3      | Acquired a +1 cloak of poison resistance
  1907 | D:3      | Reached skill level 1 in Summonings
  2055 | D:3      | Identified the +5 hand axe "Ammyaxku" {elec, rElec rF+
                  | Stlth+}
  2068 | D:3      | Found Caadasoo's Magic Scroll Shoppe.
  2075 | D:3      | Noticed Terence
  2082 | D:3      | Killed Terence
  2083 | D:3      | Reached XP level 5. HP: 31/41 MP: 8/8
  2158 | D:3      | Noticed an ice beast
  2280 | D:3      | Killed an ice beast
  2281 | D:3      | Reached skill level 1 in Axes
  2495 | D:3      | Reached * piety under Cheibriados
  2508 | D:3      | Noticed Sigmund
  2514 | D:3      | Killed Sigmund
  2515 | D:3      | Reached XP level 6. HP: 47/50 MP: 10/10
  2551 | D:3      | Learned a level 1 spell: Summon Small Mammal
  2554 | D:3      | Learned a level 2 spell: Blink
  2627 | D:3      | Found a white marble altar of Elyvilon.
  2852 | D:4      | Reached skill level 1 in Invocations
  2971 | D:4      | Found a staircase to the Ecumenical Temple.
  2972 | D:4      | Gained mutation: You curl defensively after being hit. (AC
                  | +7*) [Palentonga growth]
  2972 | D:4      | Reached XP level 7. HP: 55/55 MP: 11/11
  2990 | D:4      | Found Luhaev's Neck Hole.
  3228 | D:4      | Found a shimmering altar of Xom.
  3398 | D:5      | Entered Level 5 of the Dungeon
  3502 | D:5      | Reached ** piety under Cheibriados
  3504 | D:5      | Reached XP level 8. HP: 21/62 MP: 12/12
  3643 | D:5      | Found a sand-covered staircase.
  3650 | Ossuary  | Entered an ossuary
  4152 | D:5      | Reached skill level 5 in Translocations
  4443 | D:5      | Found a shimmering blue altar of Sif Muna.
  4539 | D:5      | Found a shadowy altar of Dithmenos.
  4539 | D:5      | Found a bloodstained altar of Trog.
  4836 | D:6      | Learned a level 3 spell: Gell's Gravitas
  5020 | D:6      | Reached *** piety under Cheibriados
  5026 | D:6      | Reached skill level 5 in Axes
  5106 | D:6      | Found a sacrificial altar of Ru.
  5135 | D:6      | Noticed Duvessa
  5136 | D:6      | Noticed Dowan
  5142 | D:6      | Killed Duvessa
  5143 | D:6      | Reached XP level 9. HP: 61/70 MP: 13/13
  5145 | D:6      | Killed Dowan
  6355 | D:7      | Reached skill level 1 in Hexes
  7294 | D:7      | Reached skill level 5 in Fighting
  7308 | D:7      | Learned a level 3 spell: Call Canine Familiar
  7438 | D:8      | Noticed Grum
  7455 | D:8      | Slain by Grum

Illustrated notes

Levels and vault maps discovered:
D:1:      minmay_arrival_four_houses, layout_basic,
          dilly_ecumenical_altar_fadedgnrine, minmay_worlds_worst_comb
D:2:      layout_rooms, item_on_display_b, uniq_robin
D:3:      wander_river, layout_rooms, mainiacjoe_overflow_paths,
          lemuel_coloured_pillars_altar, serial_shops, nicolae_diamond_shop,
          uniq_terence, uniq_sigmund
D:4:      layout_rooms, dk_xom_monty_hall, minmay_temple_entry_mist,
          nicolae_shop_sticking_my_neck_out
D:5:      layout_cave_pools, amethyst_overflow_temple_binary,
          overflow_temple_1_default, chequers_ossuary_entry_cave, st_stairs_13,
          grunt_decor_resistance
D:6:      layout_layer_cave, nicolae_ru_the_path_less_chosen, uniq_duvessa
D:7:      layout_cave_pods, serial_undead, serial_undead_a, serial_undead_e,
          serial_undead_e, serial_undead_c
D:8:      layout_gridville, mainiacjoe_overflow_small_starburst, uniq_grum

Skill      XL: |  1  2  3  4  5  6  7  8  9 |
---------------+----------------------------+-----
Armour         | 1 2 |  2.1
Dodging        | 2 3 4 |  4.8
Summonings     | 1 2 3 |  3.7
Axes           | 2 3 5 |  5.7
Fighting       | 3 4 5 |  5.0
Spellcasting   | 3 |  3.5
Translocations | 4 5 |  5.8
Invocations    | 1 2 3 4 |  4.6
Hexes          | 1 |  1.8
Maces & Flails | |  2.1
Throwing       | |  0.6

Action                   |  1- 3 |  4- 6 |  7- 9 || total
-------------------------+-------+-------+-------++-------
Melee: Mace              |    19 |       |       ||    19
       Tailslap          |    15 |     7 |    30 ||    52
       Dagger            |   107 |    41 |       ||   148
       Punch             |     1 |       |     3 ||     4
       Hand axe          |       |    60 |   217 ||   277
Throw: Boomerang         |     1 |     4 |       ||     5
       Dart              |       |     2 |     1 ||     3
       Javelin           |       |       |     3 ||     3
 Cast: Summon Small Mamm |       |     3 |    15 ||    18
       Blink             |       |     1 |     2 ||     3
       Gell's Gravitas   |       |       |     7 ||     7
       Call Canine Famil |       |       |     2 ||     2
 Abil: Rolling Charge    |    21 |    11 |    21 ||    53
Evoke: Wand              |       |       |     1 ||     1
  Use: Scroll            |     5 |     7 |       ||    12
       Potion            |     3 |     2 |    12 ||    17
 Stab: Distracted        |       |       |     3 ||     3
       Sleeping          |       |       |     2 ||     2
Armor: Leather armour    |    56 |    34 |    48 ||   138
       Skin              |    17 |       |     6 ||    23
       Robe              |       |    12 |    72 ||    84
Dodge: Dodged            |    88 |    48 |   168 ||   304
